[ AOE2 MATCH · #463512262 ]
1v1 RMEthiopians vs Lithuanians
Player's team · WIN
[ REPLAY ANALYSIS · EXTRACTED FROM THE RECORDED GAME ]
Feudal
9:54
Castle
26:02
Imperial
43:35
| APM avg | 29.0 |
| APM peak | 68 |
| eAPM avg | 15.5 |
| Villagers / military | 116 / 134 |
Focus
⚔️ 34.9% · 🌾 65.1%
Archer ×94 · Spearman ×29 · Trebuchet (Packed) ×4 · Monk ×3 · Mangonel ×2 · Shotel Warrior ×2
Feudal
9:34
Castle
23:27
Imperial
—
| APM avg | 26.2 |
| APM peak | 63 |
| eAPM avg | 17.2 |
| Villagers / military | 118 / 57 |
Focus
⚔️ 26.5% · 🌾 73.5%
Leitis ×25 · Knight ×20 · Scout Cavalry ×12
Match map
Resources at game start + every placement click. Thick line = wall · dashed box = detected house wall. 🟡 gold · ⚪ stone · 🟢 berries · 🔶 boar · ⭕ relic
Inputs per minute
— JAPO - - gmcornejo
Build order — JAPO
First 150 of 359 actions detected
| 0:01 | Create | Villager (Male) |
| 0:01 | Create | Villager (Male) |
| 0:01 | Create | Villager (Male) |
| 0:02 | Create | Villager (Male) |
| 0:02 | Create | Villager (Male) |
| 0:03 | Build | House |
| 0:04 | Build | House |
| 1:26 | Create | Villager (Male) |
| 1:27 | Create | Villager (Male) |
| 1:27 | Create | Villager (Male) |
| 2:00 | Build | Lumber Camp |
| 2:01 | Create | Villager (Male) |
| 2:01 | Create | Villager (Male) |
| 2:17 | Create | Villager (Male) |
| 2:17 | Create | Villager (Male) |
| 2:42 | Build | House |
| 2:53 | Create | Villager (Male) |
| 2:54 | Create | Villager (Male) |
| 3:04 | Create | Villager (Male) |
| 3:17 | Research | Loom |
| 3:36 | Create | Villager (Male) |
| 4:02 | Build | House |
| 4:21 | Create | Villager (Male) |
| 4:22 | Create | Villager (Male) |
| 5:21 | Create | Villager (Male) |
| 5:48 | Build | Mill |
| 5:50 | Create | Villager (Male) |
| 6:01 | Create | Villager (Male) |
| 6:36 | Create | Villager (Male) |
| 6:56 | Create | Villager (Male) |
| 7:14 | Build | House |
| 7:19 | Build | Palisade Wall |
| 7:20 | Build | Palisade Wall |
| 7:44 | Research | Feudal Age |
| 7:44 | Research | Feudal Age |
| 8:27 | Build | Barracks |
| 8:44 | Build | House |
| 8:49 | Build | Palisade Wall |
| 8:55 | Create | Villager (Male) |
| 8:56 | Create | Villager (Male) |
| 9:21 | Create | Villager (Male) |
| 9:54 | Age | Feudal Age |
| 10:03 | Build | Palisade Wall |
| 10:13 | Build | Archery Range |
| 10:16 | Create | Villager (Male) |
| 10:27 | Build | House |
| 10:35 | Build | Palisade Wall |
| 10:36 | Create | Villager (Male) |
| 10:56 | Build | Archery Range |
| 10:59 | Create | Archer |
| 10:59 | Create | Archer |
| 11:09 | Create | Archer |
| 11:09 | Create | Archer |
| 11:24 | Create | Spearman |
| 11:24 | Create | Spearman |
| 11:42 | Create | Villager (Male) |
| 11:52 | Create | Archer |
| 11:53 | Create | Archer |
| 12:06 | Create | Villager (Male) |
| 12:15 | Create | Spearman |
| 12:25 | Create | Archer |
| 12:42 | Create | Archer |
| 12:46 | Create | Spearman |
| 12:53 | Create | Archer |
| 12:53 | Create | Archer |
| 12:56 | Create | Villager (Male) |
| 12:56 | Create | Villager (Male) |
| 13:14 | Build | Lumber Camp |
| 13:15 | Create | Villager (Male) |
| 13:22 | Build | House |
| 13:32 | Research | Town Watch |
| 13:58 | Build | Palisade Wall |
| 14:19 | Build | House |
| 14:21 | Create | Villager (Male) |
| 14:34 | Build | Palisade Wall |
| 14:39 | Create | Villager (Male) |
| 14:42 | Create | Archer |
| 14:42 | Create | Archer |
| 14:51 | Build | Farm |
| 14:54 | Build | Farm |
| 14:57 | Build | Farm |
| 15:02 | Create | Villager (Male) |
| 15:15 | Build | House |
| 15:17 | Create | Villager (Male) |
| 15:24 | Create | Archer |
| 15:25 | Create | Archer |
| 15:42 | Build | Farm |
| 15:43 | Build | Farm |
| 16:19 | Create | Villager (Male) |
| 16:20 | Create | Villager (Male) |
| 16:44 | Create | Archer |
| 16:45 | Create | Archer |
| 17:28 | Create | Archer |
| 17:28 | Create | Archer |
| 17:30 | Create | Villager (Male) |
| 17:31 | Create | Villager (Male) |
| 17:35 | Build | House |
| 17:38 | Create | Villager (Male) |
| 17:38 | Create | Villager (Male) |
| 17:45 | Build | Farm |
| 17:46 | Build | Farm |
| 17:48 | Build | Farm |
| 17:55 | Build | Blacksmith |
| 18:08 | Create | Archer |
| 18:08 | Create | Archer |
| 18:21 | Create | Spearman |
| 18:34 | Create | Villager (Male) |
| 18:38 | Create | Archer |
| 18:38 | Create | Archer |
| 18:45 | Build | House |
| 18:55 | Build | Market |
| 18:56 | Create | Villager (Male) |
| 19:10 | Create | Archer |
| 19:10 | Create | Archer |
| 19:25 | Research | Padded Archer Armor |
| 19:33 | Create | Archer |
| 19:33 | Create | Archer |
| 19:39 | Build | Mining Camp |
| 19:42 | Build | Farm |
| 19:43 | Build | Farm |
| 19:44 | Build | Farm |
| 19:46 | Build | Farm |
| 19:52 | Create | Archer |
| 19:55 | Create | Villager (Male) |
| 20:23 | Create | Archer |
| 20:23 | Create | Archer |
| 20:36 | Create | Villager (Male) |
| 20:38 | Create | Villager (Male) |
| 20:55 | Create | Archer |
| 20:56 | Create | Archer |
| 20:59 | Create | Spearman |
| 21:13 | Create | Villager (Male) |
| 21:31 | Build | Palisade Gate |
| 21:32 | Create | Villager (Male) |
| 21:32 | Create | Villager (Male) |
| 21:34 | Create | Archer |
| 21:34 | Create | Archer |
| 22:24 | Research | Fletching |
| 22:57 | Create | Villager (Male) |
| 23:17 | Research | Castle Age |
| 23:17 | Research | Castle Age |
| 23:18 | Research | Castle Age |
| 23:52 | Create | Villager (Male) |
| 23:56 | Build | Farm |
| 24:00 | Create | Spearman |
| 24:01 | Create | Spearman |
| 24:30 | Create | Archer |
| 24:30 | Create | Archer |
| 24:31 | Create | Archer |
| 25:13 | Build | House |
Build order — gmcornejo
First 150 of 299 actions detected
| 0:01 | Create | Villager (Male) |
| 0:01 | Create | Villager (Male) |
| 0:02 | Create | Villager (Male) |
| 0:03 | Build | House |
| 0:05 | Build | House |
| 0:37 | Create | Villager (Male) |
| 0:51 | Create | Villager (Male) |
| 1:20 | Create | Villager (Male) |
| 1:27 | Create | Villager (Male) |
| 2:25 | Create | Villager (Male) |
| 2:42 | Build | Lumber Camp |
| 2:45 | Create | Villager (Male) |
| 3:17 | Create | Villager (Male) |
| 3:44 | Create | Villager (Male) |
| 4:03 | Create | Villager (Male) |
| 4:32 | Build | House |
| 4:35 | Build | Mill |
| 4:37 | Research | Loom |
| 4:47 | Create | Villager (Male) |
| 5:09 | Create | Villager (Male) |
| 5:53 | Create | Villager (Male) |
| 6:11 | Create | Villager (Male) |
| 6:22 | Build | Mill |
| 7:24 | Research | Feudal Age |
| 7:34 | Build | Barracks |
| 7:36 | Build | House |
| 7:55 | Create | Villager (Male) |
| 8:39 | Create | Villager (Male) |
| 8:43 | Create | Villager (Male) |
| 9:00 | Build | Mill |
| 9:03 | Create | Villager (Male) |
| 9:34 | Age | Feudal Age |
| 9:42 | Create | Villager (Male) |
| 10:10 | Create | Villager (Male) |
| 10:25 | Build | Stable |
| 10:38 | Build | House |
| 10:51 | Create | Villager (Male) |
| 11:04 | Build | Palisade Wall |
| 11:10 | Build | House |
| 11:12 | Create | Villager (Male) |
| 11:16 | Research | Double-Bit Axe |
| 11:40 | Research | Horse Collar |
| 11:43 | Create | Villager (Male) |
| 11:50 | Create | Scout Cavalry |
| 11:51 | Create | Scout Cavalry |
| 11:51 | Create | Scout Cavalry |
| 11:51 | Create | Scout Cavalry |
| 12:14 | Build | Farm |
| 12:32 | Build | Farm |
| 12:38 | Create | Scout Cavalry |
| 12:38 | Create | Scout Cavalry |
| 12:46 | Create | Villager (Male) |
| 12:53 | Build | Farm |
| 13:11 | Build | Farm |
| 13:13 | Create | Villager (Male) |
| 13:19 | Build | Farm |
| 13:34 | Build | Farm |
| 13:40 | Build | Farm |
| 13:46 | Create | Scout Cavalry |
| 13:46 | Create | Scout Cavalry |
| 14:18 | Create | Villager (Male) |
| 14:19 | Create | Villager (Male) |
| 14:19 | Create | Villager (Male) |
| 14:20 | Create | Villager (Male) |
| 14:34 | Build | House |
| 14:39 | Research | Wheelbarrow |
| 14:51 | Build | Farm |
| 14:53 | Build | Farm |
| 14:55 | Create | Villager (Male) |
| 15:19 | Build | Watch Tower |
| 15:26 | Build | Mill |
| 15:28 | Create | Villager (Male) |
| 15:40 | Build | Farm |
| 15:42 | Build | Farm |
| 15:48 | Build | House |
| 15:50 | Build | House |
| 16:59 | Create | Villager (Male) |
| 16:59 | Create | Villager (Male) |
| 17:00 | Create | Villager (Male) |
| 17:00 | Create | Villager (Male) |
| 17:02 | Build | Farm |
| 17:10 | Build | Mining Camp |
| 17:13 | Create | Scout Cavalry |
| 17:13 | Create | Scout Cavalry |
| 17:13 | Create | Scout Cavalry |
| 17:28 | Build | Farm |
| 17:30 | Build | Farm |
| 17:31 | Create | Villager (Male) |
| 17:39 | Build | House |
| 17:41 | Build | House |
| 17:57 | Create | Villager (Male) |
| 18:14 | Build | Blacksmith |
| 18:19 | Build | House |
| 18:21 | Build | House |
| 18:24 | Build | Palisade Wall |
| 18:26 | Create | Villager (Male) |
| 18:32 | Build | Farm |
| 18:33 | Build | Farm |
| 18:43 | Build | Farm |
| 18:54 | Create | Scout Cavalry |
| 19:39 | Build | Mining Camp |
| 19:43 | Create | Villager (Male) |
| 20:47 | Research | Castle Age |
| 20:48 | Research | Castle Age |
| 21:05 | Build | Mining Camp |
| 21:15 | Build | House |
| 21:21 | Build | House |
| 22:17 | Build | Palisade Wall |
| 22:24 | Create | Villager (Male) |
| 22:37 | Create | Villager (Male) |
| 23:20 | Create | Villager (Male) |
| 23:27 | Age | Castle Age |
| 23:38 | Build | Castle |
| 23:53 | Create | Villager (Male) |
| 23:54 | Create | Villager (Male) |
| 23:57 | Create | Knight |
| 23:57 | Create | Knight |
| 23:57 | Create | Knight |
| 23:58 | Create | Knight |
| 24:29 | Create | Leitis |
| 24:30 | Create | Leitis |
| 24:39 | Create | Villager (Male) |
| 24:54 | Create | Villager (Male) |
| 25:07 | Create | Knight |
| 25:08 | Create | Knight |
| 25:42 | Research | Scale Barding Armor |
| 25:45 | Research | Forging |
| 26:27 | Create | Villager (Male) |
| 26:28 | Create | Villager (Male) |
| 26:28 | Create | Villager (Male) |
| 26:45 | Build | Lumber Camp |
| 26:48 | Create | Villager (Male) |
| 27:47 | Create | Villager (Male) |
| 27:48 | Create | Villager (Male) |
| 28:06 | Create | Leitis |
| 28:16 | Research | Bow Saw |
| 28:32 | Create | Knight |
| 28:32 | Create | Knight |
| 28:47 | Build | Farm |
| 28:56 | Build | Farm |
| 28:58 | Create | Villager (Male) |
| 28:59 | Create | Villager (Male) |
| 29:12 | Create | Leitis |
| 29:25 | Build | Farm |
| 29:26 | Build | Farm |
| 29:31 | Build | Farm |
| 29:35 | Build | Farm |
| 29:39 | Create | Villager (Male) |
| 29:57 | Create | Villager (Male) |
| 30:01 | Build | Farm |
Match timeline
| 7:19 | JAPO · wall_segment Palisade Wall x1 |
| 7:20 | JAPO · wall_segment Palisade Wall x1 |
| 7:34 | gmcornejo · first_building Barracks |
| 8:27 | JAPO · first_building Barracks |
| 8:49 | JAPO · wall_segment Palisade Wall x1 |
| 9:34 | gmcornejo · age_up feudal |
| 9:54 | JAPO · age_up feudal |
| 10:03 | JAPO · wall_segment Palisade Wall x1 |
| 10:13 | JAPO · first_building Archery Range |
| 10:25 | gmcornejo · first_building Stable |
| 10:35 | JAPO · wall_segment Palisade Wall x7 |
| 11:04 | gmcornejo · wall_segment Palisade Wall x1 |
| 13:58 | JAPO · wall_segment Palisade Wall x1 |
| 14:34 | JAPO · wall_segment Palisade Wall x10 |
| 18:24 | gmcornejo · wall_segment Palisade Wall x1 |
| 20:33 | JAPO · first_market_sell 100 wood |
| 22:17 | gmcornejo · wall_segment Palisade Wall x1 |
| 23:04 | JAPO · first_market_buy 100 food |
| 23:27 | gmcornejo · age_up castle |
| 23:38 | gmcornejo · first_building Castle |
| 26:02 | JAPO · age_up castle |
| 26:48 | JAPO · first_building Monastery |
| 36:33 | JAPO · first_building Castle |
| 38:52 | JAPO · first_building Siege Workshop |
| 40:25 | gmcornejo · first_market_buy 100 food |
| 40:30 | gmcornejo · first_market_sell 100 wood |
| 43:35 | JAPO · age_up imperial |
| 45:44 | JAPO · first_building Stable |
| 45:58 | gmcornejo · resign |
[ AI ANALYSIS · 1 CREDIT ]
What really happened in this match?
Wolo.gg analyzes every decision: build order, eco, micro, common mistakes by bracket. Personalized analysis on WhatsApp or Discord in 30 seconds.
Civ guide
Ethiopians
Map guide
Arabia
Perfil
JAPO